woodfighter, neutral female scurrid Tourist ------- ########################------------- #-....%| #------- ----- ##............| #|......#####|)).%.| ||..| |............ #|.....| |\....)#### |...| |...........| #|..`...# |.(.%%| # |(..-######............| -------# #|.....|# |.....| ##+...|# --------- --- |......# #-------# -----|- -.---# |.....|# ### # h######### |.....|# # # #@# -------# # # M ### -----# # ### # |.<.|# # # ###|...|# ## ##### #....%# #--|------------- -|--- #|..............| # #-..............| |..............| ---------------- woodfighter the Peregrinatrix Experience level: 12 Strength: 13 Dexterity: 15 Constitution: 13 Intelligence: 13 Wisdom: 8 Charisma: 19 Health: 0(80) Energy: 47(47) Def: 8 Gold: 0 Moves: 8744 Dungeon seed: U56W6w6yc4Bav69h Game ID: woodfighter_1517520570 Your Inventory: Amulets c - an uncursed amulet of reflection (being worn) Armor A - an uncursed thoroughly rusty +0 pair of kicking boots (being worn) G - an uncursed +0 helmet (being worn) J - an uncursed +0 dwarvish mithril-coat (being worn) Y - an uncursed +0 elven cloak (being worn) Comestibles d - an uncursed tripe ration r - 3 uncursed sprigs of wolfsbane M - 5 uncursed food rations P - 3 uncursed chestnuts Z - an uncursed lizard corpse Tools k - an expensive camera (0:92) q - a +0 unicorn horn s - an uncursed bag of holding y - an uncursed skeleton key L - a blessed oil lamp (0:308) W - an uncursed towel Gems e - an uncursed luckstone Contents of the bag of holding: 4367 gold pieces an uncursed [+0] mummy wrapping an uncursed lizard corpse a [uncursed] scroll of enchant armor a [cursed] scroll of identify a [uncursed] spellbook of cancellation a [uncursed] spellbook of cone of cold a [uncursed] potion of invisibility a [cursed] potion of object detection a [uncursed] potion of oil an uncursed [+0] unicorn horn Spells and supernatural/magical abilities: Name Level Category Fail Memory W - pray for help -- divine ? -- Your skills at the end: Miscellaneous Skills wands [Basic] Weapon Skills dart [Expert] Spellcasting Skills Final Attributes: You were devoutly aligned. You were poison resistant. Your writing paw was ok. You were telepathic. You had automatic searching. You had infravision. You were very stealthy. You were fast. You had reflection. You were lucky. You had extra luck. Bad luck did not time out for you. Good luck did not time out for you. You are dead. Vanquished creatures: a master mind flayer a vampire lord a vampire a ghost 2 giant mimics a large mimic a wumpus an air elemental a giant zombie a winter wolf 2 quantum mechanics a small mimic a warhorse a xan an ettin mummy a dwarf king a tengu a crocodile a leocrotta an energy vortex an elf mummy a human mummy a pit viper a python an incubus a giant beetle 2 cockatrices 2 black lights a lynx 37 leprechauns 2 quivering blobs 2 lizards 3 mountain nymphs 2 mumakil 2 giant spiders an iron piercer a vampire bat a forest centaur 3 gnome kings an orc mummy 2 dwarf mummies 3 piranhas a dingo a dwarf lord 2 blue jellies a water nymph a white unicorn a black unicorn a dust vortex a plains centaur a snake 4 human zombies a soldier ant 6 yellow lights 2 bugbears an imp a baby crocodile 11 Mordor orcs a rock mole 3 rock piercers 3 fog clouds 5 violet fungi 10 gnome lords a gnomish wizard a golden naga hatchling a guardian naga hatchling 2 barrow wights an elf zombie 2 ghouls a straw golem 2 paper golems 3 giant ants a puppy 2 floating eyes 2 kittens 16 dwarves 2 kobold lords 2 kobold shamans 4 iguanas 3 hill orcs 8 rothes 2 jitterbugs 5 giant bats 5 orc zombies 7 dwarf zombies 2 wererats 3 coyotes 5 gas spores 7 hobbits an acid blob 2 large kobolds 6 geckos 4 hobgoblins 10 giant rats 5 cave spiders a brown mold 4 yellow molds 2 green molds 3 red molds 27 gnomes 4 garter snakes 3 gnome zombies 11 jackals a fox 5 kobolds 13 newts 11 goblins 7 sewer rats 8 grid bugs 4 bats 7 lichens 5 kobold zombies 385 creatures vanquished. Voluntary challenges: You did not cause conflict. You were not invisible. You did not have reflection until turn 8316. You were not displaced. You had been an atheist until turn 2101. You never hit with a wielded weapon. You did not use plumbed fixtures. You did not drink any magical draughts. You read items or engraved 3 times, starting on turn 2100. You never genocided any monsters. You never polymorphed an object. You changed form 1 time, starting on turn 5275. You completed Sokoban on turn 3718, according to the rules. You used no wishes. You never split a pudding. You never wrote Elbereth's name. You violated your moral code, losing 1 point of alignment, starting on turn 4488. Dungeon overview: The Dungeons of Doom: levels 1 to 12 Level 1 a long staircase Level 2 a sink Level 3 a wand shop, a fountain stairs to The Gnomish Mines Level 4 some fountains Level 5 many fountains Level 6 an armor shop, a fountain stairs to Sokoban Level 7 Level 8 Level 9 a fountain Level 10 (vault) a fountain, a sink Level 11 (quest) a magic portal Level 12 <- You were here a throne Level 13 The Gnomish Mines: levels 4 to 12 Level 4 stairs to The Dungeons of Doom Level 5 Level 6 (master mind flayer) Level 7 many shops, a temple to The Lady, a magic chest, some fountains Level 8 Level 9 Level 10 Level 11 Level 12 a magic chest, some fountains Sokoban: levels 2 to 5 Level 2 a magic chest Level 3 Level 4 a fountain Level 5 an altar to Blind Io, a magic chest stairs to The Dungeons of Doom History has recorded: On T:1 you entered the Dungeons of Doom to retrieve the Amulet of Yendor! On T:157 you reached level 2 of The Dungeons of Doom. On T:508 you reached level 3 of The Dungeons of Doom. On T:527 you reached level 4 of The Dungeons of Doom. On T:610 you reached level 1 of The Gnomish Mines. On T:741 you advanced to experience level 2. On T:892 you advanced to experience level 3. On T:995 you reached level 5 of The Dungeons of Doom. On T:1158 you reached level 7 of The Dungeons of Doom. On T:1162 you advanced to experience level 4. On T:1177 you reached level 6 of The Dungeons of Doom. On T:1345 you reached level 4 of Sokoban. On T:1396 you advanced to experience level 5. On T:2098 you opened a magic chest. On T:2151 you advanced to experience level 6. On T:2299 you reached level 3 of Sokoban. On T:2617 you reached level 2 of Sokoban. On T:3079 you reached level 1 of Sokoban. On T:3718 you advanced to experience level 7. On T:3718 you entered the Sokoban zoo. On T:3958 you reached level 2 of The Gnomish Mines. On T:4199 you reached level 3 of The Gnomish Mines. On T:4487 you advanced to experience level 8. On T:4560 you reached level 4 of The Gnomish Mines. On T:4910 you entered the Minetown temple On T:5096 you reached level 5 of The Gnomish Mines. On T:5163 you reached level 6 of The Gnomish Mines. On T:5346 you reached level 7 of The Gnomish Mines. On T:5425 you advanced to experience level 9. On T:5663 you reached level 8 of The Gnomish Mines. On T:5994 you reached level 9 of The Gnomish Mines. On T:5994 you reached the bottom of the Mines. On T:6671 you prayed to The Lady. On T:7384 you reached level 8 of The Dungeons of Doom. On T:7432 you reached level 9 of The Dungeons of Doom. On T:7705 you advanced to experience level 10. On T:7766 you reached level 10 of The Dungeons of Doom. On T:8150 you reached level 11 of The Dungeons of Doom. On T:8476 you reached level 12 of The Dungeons of Doom. Score breakdown: Gold: 4006 ( 400 points) Experience: 12 levels ( 1100 points) Exploration: 12 levels ( 330 points) Discoveries: 31 items ( 1550 points) Variety of kills: 112 monsters ( 2000 points) Major goal: Sokoban/Mines ( 1500 points) Survival: died (score multiplied by 3) Total score: 20640 Latest messages: You make an opening in the wall. You start chewing a hole in the rock. You continue digging. You continue chewing on the rock. You succeed in cutting away some rock. You start chewing a hole in the rock. You continue digging. You continue chewing on the rock. You succeed in cutting away some rock. Something explodes! You are caught in a blast of kaleidoscopic light! You are freaked out. Everything looks SO boring now. You throw 2 darts. The 1st dart hits the giant mummy! The 2nd dart hits the giant mummy! The giant mummy just misses! The giant mummy scratches you! The dart hits the giant mummy! You miss the giant mummy. The giant mummy scratches you! (2x) You claw the giant mummy. The giant mummy scratches you! (2x) You die... Final status: Aloha woodfighter the Tourist, killed by a giant mummy... You died in The Dungeons of Doom on dungeon level 12 with 20640 points, and 4367 pieces of gold, after 8744 moves. You were level 12 with a maximum of 80 hit points when you died.